 Dungeon Crawl Stone Soup version 0.21-a0-528-gf531e82 (webtiles) character file.

884 robertstho the Thaumaturge (level 7, -2/38 HPs)
             Began as a Deep Elf Air Elementalist on Dec 8, 2017.
             Was an Initiate of Sif Muna.
             Slain by Marik's ghost (4 damage)
             ... on level 5 of the Dungeon.
             The game lasted 00:20:09 (4508 turns).

robertstho the Thaumaturge (DEAE)                   Turns: 4508, Time: 00:20:09

Health: -2/38      AC:  3    Str:  5    XL:     7   Next: 76%
Magic:  0/21       EV: 13    Int: 22    God:    Sif Muna [......]
Gold:   222        SH:  0    Dex: 15    Spells: 17/24 levels left

rFire    . . .     SeeInvis .   y - +6 mace
rCold    . . .     Gourm    .   (no shield)
rNeg     + . .     Faith    .   a - +0 robe
rPois    .         Spirit   .   k - +0 helmet
rElec    .         Reflect  .   (no cloak)
rCorr    .         Harm     .   (no gloves)
MR       .....                  (no boots)
Stlth    ++........             (no amulet)
HPRegen  0.12/turn              p - ring of wizardry
MPRegen  0.17/turn              d - ring of positive energy

@: swift, very quick
A: no striking features
a: Renounce Religion


You were on level 5 of the Dungeon.
You worshipped Sif Muna.
Sif Muna was noncommittal.
You were very hungry.

You visited 2 branches of the dungeon, and saw 6 of its levels.

You collected 222 gold pieces.

Inventory:

Hand Weapons
 e - a +0 hunting sling
 h - a +3 short sword
 y - a +6 mace (weapon)
Missiles
 f - a throwing net (quivered)
 m - 16 bolts
Armour
 a - a +0 robe (worn)
 k - a +0 helmet (worn)
 v - a +1 leather armour of fire resistance
Jewellery
 d - a ring of positive energy (right hand)
 p - a ring of wizardry (left hand)
Wands
 x - a wand of disintegration (10)
Scrolls
 l - 2 scrolls of remove curse {unknown}
 n - a scroll of enchant armour {unknown}
 o - 3 scrolls of blinking {unknown}
 r - a scroll of amnesia {unknown}
 t - 6 scrolls of identify
 A - a scroll of teleportation {unknown}
Potions
 g - a potion of lignification {unknown}
 i - a potion of flight {unknown}
 j - 2 potions of invisibility {unknown}
 q - a potion of agility {unknown}
 s - 3 potions of curing {unknown}
 z - a potion of degeneration {unknown}
 B - a potion of resistance {unknown}
 C - 2 potions of haste {unknown}
 D - a potion of berserk rage {unknown}
Books
 b - a book of Air

   Spells                             Type                      Level
   a - Shock                          Conjuration/Air              1
   b - Swiftness                      Charms/Air                   2
   c - Static Discharge               Conjuration/Air              3
   d - Airstrike                      Air                          4
   e - Lightning Bolt                 Conjuration/Air              5
Comestibles
 c - 5 bread rations
 u - 4 fruits


   Skills:
 + Level 1.0 Fighting
 + Level 0.1 Maces & Flails
 + Level 3.0 Dodging
 + Level 3.0 Stealth
 * Level 9.2 Spellcasting
 + Level 3.1 Conjurations
 + Level 0.3 Charms
 + Level 5.1 Air Magic


You had 17 spell levels left.
You knew the following spells:

 Your Spells              Type           Power        Failure   Level  Hunger
a - Shock                 Conj/Air       ####         1%          1    None
b - Swiftness             Chrm/Air       ###.....     1%          2    None
c - Airstrike             Air            ####......   3%          4    ##.....


Dungeon Overview and Level Annotations

Branches:
Dungeon (5/15)             Temple (1/1) D:4

Altars:
Ashenzari
Cheibriados
Fedhas
Gozag
Hepliaklqana
Kikubaaqudgha
Makhleb
Nemelex Xobeh
Qazlal
Ru
Sif Muna
Wu Jian
Zin
The Shining One
Lugonu

Annotations:
D:5 Marik's ghost, novice GnNe


Message History

The zap hits Marik's ghost.
Marik's ghost is heavily damaged.
Marik's ghost hits you.
You writhe in agony.
* * * LOW HITPOINT WARNING * * *
Casting: Shock
Confirm with . or Enter, or press ? or * to list all spells.
Aiming: Shock
Press: ? - help, Shift-Dir - straight line, f/p - Marik's ghost
Aim: Marik's ghost, wielding a weapon of pain (heavily damaged, regenerating)
The zap hits Marik's ghost.
Marik's ghost appears unharmed.
Marik's ghost is heavily damaged.
Marik's ghost hits you!
* * * LOW HITPOINT WARNING * * *
You writhe in agony.
* * * LOW HITPOINT WARNING * * *
Okay, then.
Casting: Shock
Confirm with . or Enter, or press ? or * to list all spells.
You feel quick. Marik's ghost hits you.
You die...

.# #.#
###...##.#
.# #.#
#...##.# .#
#.# ##.###.#
.# #.# #.#
#.#
.#######.#
##)# #.#
.........#
#..# #.#
.#########
#.## .. .#
#.#
.#########
#@#
.........#
#..W.#
.#######.#
.........
.### #.#
###..###....
...#####.#.
#..#⌠#..>.
...........
##.###.#.#
.#.#####.##
#.....# #
.#.# #.#
#.#####
.#.#####.#


You could see Marik's ghost.

Vanquished Creatures
  A hungry ghost (D:4)
  A sky beast (D:2)
  An ice beast (D:5)
  A phantom (D:4)
  A water moccasin skeleton (D:5)
  A crimson imp (D:2)
  A hound (D:5)
  A centaur zombie (D:5)
  A bullfrog skeleton (D:4)
  3 iguanas
  Terence (D:2)
  A worker ant (D:5)
  5 adders
  4 gnolls (D:4)
  A shadow imp (D:5)
  An ooze (D:1)
  An adder zombie (D:5)
  3 dart slugs (D:1)
  3 leopard geckos
  3 orcs (D:4)
  3 giant cockroaches
  9 goblins
  7 hobgoblins
  8 jackals (D:1)
  4 quokkas
  A ball python (D:1)
  6 bats
  3 frilled lizards (D:3)
  A jackal zombie (D:5)
  7 kobolds
  9 rats
93 creatures vanquished.

Notes
Turn   | Place    | Note
-------+----------+-------------------------------------------
     0 | D:1      | robertstho the Deep Elf Air Elementalist began the quest for the Orb.
     0 | D:1      | Reached XP level 1. HP: 10/10 MP: 6/6
   132 | D:1      | Reached XP level 2. HP: 11/15 MP: 0/8
   591 | D:1      | Reached XP level 3. HP: 11/19 MP: 0/10
   739 | D:1      | Reached skill level 4 in Spellcasting
  1347 | D:2      | Noticed Terence
  1421 | D:2      | Killed Terence
  1421 | D:2      | Reached skill level 5 in Spellcasting
  1421 | D:2      | Reached XP level 4. HP: 15/24 MP: 0/13
  1680 | D:2      | Noticed a sky beast
  1686 | D:2      | Learned a level 2 spell: Swiftness
  1778 | D:3      | Learned a level 4 spell: Airstrike
  1787 | D:3      | Found a snail-covered altar of Cheibriados.
  1843 | D:3      | Found a glowing golden altar of the Shining One.
  1895 | D:3      | Reached XP level 5. HP: 28/28 MP: 11/14
  1997 | D:3      | Found a sacrificial altar of Ru.
  2170 | D:3      | Found a sparkling altar of Nemelex Xobeh.
  2171 | D:3      | Found an opulent altar of Gozag.
  2258 | D:3      | Found a faded altar of an unknown god.
  2298 | D:2      | Killed a sky beast
  2298 | D:2      | Reached skill level 6 in Spellcasting
  2591 | D:4      | Reached XP level 6. HP: 32/32 MP: 15/17
  2627 | D:4      | Noticed a hungry ghost
  2932 | D:4      | Killed a hungry ghost
  2932 | D:4      | Reached skill level 7 in Spellcasting
  3141 | D:4      | Reached XP level 7. HP: 30/36 MP: 12/20
  3472 | D:4      | Found an ancient bone altar of Kikubaaqudgha.
  3572 | D:4      | Found a staircase to the Ecumenical Temple.
  3705 | Temple   | Entered the Ecumenical Temple
  3756 | Temple   | Became a worshipper of Sif Muna the Loreminder
  3790 | D:5      | Entered Level 5 of the Dungeon
  3796 | D:5      | Reached skill level 1 in Fighting
  3812 | D:5      | Reached skill level 8 in Spellcasting
  4088 | D:5      | Reached skill level 5 in Air Magic
  4324 | D:5      | Reached skill level 9 in Spellcasting
  4489 | D:5      | Noticed Marik's ghost (novice GnNe)
  4501 | D:5      | HP: 1/38 [Marik's ghost (5)]
  4508 | D:5      | Slain by Marik's ghost

Vault maps used:
D:1:      roderic_crossed_star
D:2:      uniq_terence
D:3:      grunt_temple_overflow_opulence, overflow_temple_1_default,
          nicolae_tso_swordbearing_angel, overflow_temple_1_default,
          chequers_ecumenical_altar_simple
D:4:      kennysheep_mini_moat, temple_pool_b, first_bread, minivault_27,
          st_stairs_13, grunt_ministairs_4
D:5:      feat_on_display
Temple:   corrupted_temple

Skill      XL: |  1  2  3  4  5  6  7 |
---------------+----------------------+-----
Spellcasting   | 5 6 7 9 |  9.2
Conjurations   | 2 3 |  3.1
Air Magic      | 4 5 |  5.1
Dodging        | 3 |  3.0
Stealth        | 3 |  3.0
Fighting       | 1 |  1.0
Maces & Flails | |  0.1
Charms         | |  0.3

Action                   |  1- 3 |  4- 6 |  7- 9 || total
-------------------------+-------+-------+-------++-------
Melee: Short sword       |    13 |       |       ||    13
       Mace              |       |    14 |       ||    14
 Cast: Shock             |    94 |    92 |    93 ||   279
       Swiftness         |       |     3 |     4 ||     7
       Airstrike         |       |     5 |     5 ||    10
  Use: Potion            |     1 |       |     1 ||     2
       Scroll            |       |     1 |       ||     1
  Eat: Chunk             |     1 |     4 |     2 ||     7
       Royal jelly       |       |     1 |     1 ||     2
       Meat ration       |       |     1 |       ||     1
Armor: Robe              |     8 |     9 |     3 ||    20
Dodge: Dodged            |    35 |    30 |    10 ||    75

Table legend:
 A = Spawn XP
 B = Non-spawn XP
 C = Spawn XP percentage of total XP
 D = Spawn monster count
 E = Non-spawn monster count
 F = Spawn count percentage of total count
 G = Total turns spent on level
                    A         B        C        D         E        F      G
               +---------+---------+-------+---------+---------+-------+---------
         Total |       0 |    1263 |   0.0 |       0 |      93 |   0.0 |  4508
               +---------+---------+-------+---------+---------+-------+---------
           D:1 |       0 |      65 |   0.0 |       0 |      32 |   0.0 |  1135
           D:2 |       0 |     279 |   0.0 |       0 |      22 |   0.0 |   845
           D:3 |       0 |      34 |   0.0 |       0 |      13 |   0.0 |   773
           D:4 |       0 |     459 |   0.0 |       0 |      13 |   0.0 |   974
           D:5 |       0 |     426 |   0.0 |       0 |      13 |   0.0 |   718
               +---------+---------+-------+---------+---------+-------+---------
